 Dungeon Crawl Stone Soup version 0.31.0-11-ge490571c62 (webtiles) character file.

Game seed: 11114590219028837642

105 Flugkiller the Chiller (level 4, 0/21 HPs)
             Began as a Vine Stalker Ice Elementalist on Feb 1, 2024.
             Slain by a sleepcap (17 damage)
             ... on level 4 of the Dungeon.
             The game lasted 00:03:49 (619 turns).

Flugkiller the Chiller (VSIE)                        Turns: 619, Time: 00:03:50

Health: 0/21       AC:  2    Str: 11    XL:     4   Next: 83%
Magic:  0/10       EV:  2    Int: 17    God:
Gold:   19         SH:  0    Dex: 14    Spells: 6/10 levels left

rFire   . . .        d - +0 dagger
rCold   . . .        (no shield)
rNeg    . . .        a - +0 robe
rPois   .            (no helmet)
rElec   .            (no cloak)
rCorr   .            (no gloves)
SInv    .            (no boots)
Will    .....        (no amulet)
Stlth   ++           h - ring of wizardry
HPRegen 1.03/turn    (no ring)
MPRegen 0.12/turn

%: guardian spirit, wizardry (x1)
@: sleeping, freezing walls
A: fangs 2, regeneration 1, magic shield, antimagic bite, no potion heal 2
a: no special abilities


You were on level 4 of the Dungeon.
You visited 1 branch of the dungeon, and saw 4 of its levels.

You collected 19 gold pieces.

Inventory:

Hand Weapons
 d - a +0 dagger (weapon)
   (You took it off a goblin on level 1 of the Dungeon)
 e - a +2 mace of holy wrath
   (You found it on level 3 of the Dungeon)
Missiles
 c - 2 boomerangs
Armour
 a - a +0 robe (worn)
Jewellery
 h - a ring of wizardry (left hand)
   (You found it on level 2 of the Dungeon)
Wands
 i - a wand of flame (14)
   (You took it off a hobgoblin on level 3 of the Dungeon)
Scrolls
 g - a scroll of brand weapon
Potions
 b - a potion of magic
 f - a potion of cancellation


   Skills:
 - Level 1.5 Dodging
 - Level 2.4 Stealth
 + Level 3.8 Spellcasting
 + Level 5.1 Ice Magic


You had 6 spell levels left.
You knew the following spells:

 Your Spells              Type           Power      Damage    Failure   Level
a - Freeze                Ice            80%        1d9       1%          1
b - Frozen Ramparts       Ice            40%        1d7       2%          3

Your spell library contained the following spells:

 Spells                   Type           Power      Damage    Failure   Level
 Ozocubu's Armour         Ice            20%        N/A       2%          3
 Summon Ice Beast         Ice/Summ       11%        N/A       7%          3
 Sublimation of Blood     Necr           3%         N/A       10%         2
 Petrify                  Alch/Erth      3%         N/A       52%         4
 Alistair's Intoxication  Alch           2%         N/A       85%         5
 Borgnjor's Vile Clutch   Necr/Erth      1%         N/A       85%         5
 Irradiate                Conj/Alch      1%         3d12      85%         5
 Eringya's Noxious Bog    Alch           1%         4d6       100%        6


Dungeon Overview and Level Annotations

Branches:
Dungeon (4/15) Zot: 23381
 Temple: D:4-7

Altars:
Ashenzari
Vehumet


Innate Abilities, Weirdness & Mutations

You have extremely sharp teeth.
Your natural rate of healing is unusually fast.
When hurt, damage is shared between your health and your magic reserves.
Your bite disrupts and absorbs the magic of your enemies.
Potions cannot restore your health.


Message History

You see here 5 gold pieces.
You now have 19 gold pieces (gained 5).
Casting: Frozen Ramparts (quite dangerous; 2% risk of failure)
Confirm with . or Enter, or press ? or * to list all spells.
Aiming: Freeze (safe; 1% risk of failure)
Press: ? - help, Shift-Dir - straight line, f - hobgoblin
Aim: a hobgoblin You freeze the hobgoblin.
You kill the hobgoblin!
You see here a hobgoblin corpse.
Casting: Freeze (safe; 1% risk of failure)
Confirm with . or Enter, or press ? or * to list all spells.
Aiming: Freeze (safe; 1% risk of failure)
Press: ? - help, Shift-Dir - straight line, f - orc
Aim: an orc, wielding a +0 hand axe You freeze the orc!
You kill the orc!
You see here a +0 hand axe.
You see here a +2 mace of holy wrath.
e - a +2 mace of holy wrath
Okay, then.
A hobgoblin comes into view. It is carrying a wand of flame.
Found a radiant altar of Vehumet.
Unknown command.
Found a stone staircase leading down.
The hobgoblin zaps a wand.
The puff of flame hits you!
A bombardier beetle comes into view.
The hobgoblin zaps a wand.
The puff of flame hits you.
Casting: Freeze (safe; 1% risk of failure)
Confirm with . or Enter, or press ? or * to list all spells.
Aiming: Freeze (safe; 1% risk of failure)
Press: ? - help, Shift-Dir - straight line, f - hobgoblin
Aim: a hobgoblin, carrying a wand of flame You freeze the hobgoblin.
The hobgoblin is lightly wounded.
The hobgoblin barely misses you.
Casting: Freeze (safe; 1% risk of failure)
Confirm with . or Enter, or press ? or * to list all spells.
Aiming: Freeze (safe; 1% risk of failure)
Press: ? - help, Shift-Dir - straight line, f/p - hobgoblin
Aim: a hobgoblin, carrying a wand of flame (lightly wounded)
You freeze the hobgoblin!
You kill the hobgoblin!
Things that are here:
a wand of flame (17); a hobgoblin corpse
i - a wand of flame (17)
You open the door.
There is an open door here.
Press: ? - help, v - describe, . - travel
Here: a bombardier beetle (asleep)
The floor.
Aiming: Throw Flame
Press: ? - help, Shift-Dir - straight line, f - bombardier beetle
Aim: a bombardier beetle (asleep, 100% to hit)
The puff of flame hits the bombardier beetle!
The bombardier beetle is severely wounded.
Aiming: Throw Flame
Press: ? - help, Shift-Dir - straight line, f/p - bombardier beetle
Aim: a bombardier beetle (severely wounded, 81% to hit)
The puff of flame misses the bombardier beetle.
Aiming: Throw Flame
Press: ? - help, Shift-Dir - straight line, f/p - bombardier beetle
Aim: a bombardier beetle (severely wounded, 81% to hit)
The puff of flame hits the bombardier beetle!
You kill the bombardier beetle!
Your Ice Magic skill increases to level 5!
There is a stone staircase leading down here.
You climb downwards.
There is a stone staircase leading up here.
Unknown command.
Found a stone staircase leading down.
A hobgoblin comes into view.
A sleepcap comes into view.
A scorpion comes into view.
Unknown command.
Press: ? - help, v - describe, . - travel
Here: a sleepcap The floor.
Unknown command.
Casting: Freeze (safe; 1% risk of failure)
Confirm with . or Enter, or press ? or * to list all spells.
The walls around you are covered in ice.
A goblin comes into view. It is wielding a +1 dagger of venom.
The wall freezes the sleepcap but does no damage.
The wall freezes the sleepcap.
Casting: Frozen Ramparts (quite dangerous; 2% risk of failure)
Confirm with . or Enter, or press ? or * to list all spells.
Aiming: Freeze (safe; 1% risk of failure)
Press: ? - help, Shift-Dir - straight line, f - sleepcap
Aim: a sleepcap (moderately damaged)
You freeze the sleepcap!
The sleepcap is heavily damaged.
The wall freezes the sleepcap but does no damage.
The sleepcap releases spores at you!
You are engulfed in a cloud of soporific spores!
You fall asleep.
The wall freezes the sleepcap but does no damage.
The sleepcap releases spores at you!!
Ouch! That really hurt!
You die...

.## ####.# ..##### ##....#
......######..>..#
..###............# .##
########.....########## ##
##.............# #
#.######.......
#############.######.......
g...............@f.........
#.####.##.###.######.......
#. #.# #.# ....... #. #.#
#.# ....... #. #.# #.#
....... .. #.# #.# s##.###
## #.# #.# ## .# #.# #.# #


You could see a sleepcap.

Vanquished Creatures
  A bombardier beetle (D:3)
  A gnoll (D:2)
  3 adders (D:2)
  3 dart slugs
  An orc (D:3)
  3 bats
  2 endoplasms (D:2)
  2 giant cockroaches (D:1)
  2 goblins (D:1)
  3 hobgoblins
  3 kobolds
  3 ball pythons
  3 frilled lizards (D:1)
  4 rats
34 creatures vanquished.

Notes
Turn   | Place    | Note
-------+----------+-------------------------------------------
     0 | D:1      | Flugkiller the Vine Stalker Ice Elementalist began the
                  | quest for the Orb.
     0 | D:1      | Reached XP level 1. HP: 9/9 MP: 4/4
    75 | D:1      | Reached XP level 2. HP: 13/13 MP: 0/6
   276 | D:2      | Reached XP level 3. HP: 14/16 MP: 1/8
   285 | D:2      | Learned a level 3 spell: Frozen Ramparts
   383 | D:2      | Reached XP level 4. HP: 21/21 MP: 5/10
   476 | D:3      | Found a broken altar of Ashenzari.
   517 | D:3      | Found a radiant altar of Vehumet.
   553 | D:3      | Reached skill level 5 in Ice Magic
   608 | D:4      | Noticed a scorpion
   619 | D:4      | Slain by a sleepcap

Illustrated notes

Levels and vault maps discovered:
D:1:      onia_arrival_mini_maze, layout_basic
D:2:      layout_rooms, cheibrodos_gnoll_hut
D:3:      layout_basic, evilmike_ruin_ashenzari, vehumet_altar_wand_db,
          mainiacjoe_overflow_small_starburst, basic_ecumenical_altar
D:4:      layout_loops_ring

Skill      XL: |  1  2  3  4 |
---------------+-------------+-----
Spellcasting   | 3 |  3.8
Ice Magic      | 5 |  5.1
Dodging        | |  1.5
Stealth        | |  2.4

Action                     |  1- 3 |  4- 6 || total
---------------------------+-------+-------++-------
  Melee: Unarmed           |    15 |       ||    15
         Bite              |     7 |     3 ||    10
         Dagger            |    15 |     5 ||    20
   Cast: Freeze            |    26 |     8 ||    34
         Frozen Ramparts   |     2 |     3 ||     5
  Evoke: Wand              |       |     3 ||     3
    Use: Scroll            |       |     3 ||     3
   Stab: Sleeping          |     1 |       ||     1
 Armour: Robe              |    29 |    10 ||    39
  Dodge: Dodged            |    27 |     7 ||    34
